 Dungeon Crawl Stone Soup version 0.31-a0-187-gba352fbbf7 (webtiles) character file.

Game seed: 6733194061567309612

36 qw the Shooter (level 3, 0/20 HPs)
             Began as a Deep Elf Hunter on June 22, 2023.
             Succumbed to Terence's poison
             ... on level 2 of the Dungeon.
             The game lasted 00:00:23 (770 turns).

qw the Shooter (Deep Elf Hunter)                     Turns: 770, Time: 00:00:23

Health: 0/20       AC:  5    Str: 10    XL:     3   Next: 19%
Magic:  5/5        EV: 11    Int: 13    God:
Gold:   97         SH:  0    Dex: 18    Spells: 2/2 levels left

rFire   . . .        Y - +0 shortbow
rCold   . . .        (shield currently unavailable)
rNeg    . . .        e - +0 ring mail
rPois   .            (no helmet)
rElec   .            (no cloak)
rCorr   .            (no gloves)
SInv    .            (no boots)
Will    .....        (no amulet)
Stlth   +            (no ring)
HPRegen 0.23/turn    (no ring)
MPRegen 0.09/turn

%: no passive effects
@: lethally poisoned (0 -> -17)
A: no striking features
a: no special abilities


You were on level 2 of the Dungeon.
You visited 1 branch of the dungeon, and saw 2 of its levels.

You collected 97 gold pieces.


   Skills:
 - Level 1.5 Fighting
 + Level 6.8 Ranged Weapons
 - Level 2.4 Dodging
 - Level 1.2 Stealth


You had 2 spell levels left.
You didn't know any spells.
Your spell library was empty.

Inventory:

Hand Weapons
 Y - a +0 shortbow (weapon)
Armour
 e - a +0 ring mail (worn)
Jewellery
 a - an amulet of reflection
Scrolls
 b - a scroll of identify
Potions
 d - a potion of curing {unknown}
 f - a potion of resistance {unknown}

Dungeon Overview and Level Annotations

Branches:
Dungeon (2/15)

Altars:

Annotations:
D:2 Terence


Message History

You see here 10 gold pieces.
Enter note: You shoot an arrow.
The arrow hits the worm!
The worm is heavily wounded.
You shoot an arrow. The arrow hits the worm.
The worm is heavily wounded.
You shoot an arrow. The arrow hits the worm!
The worm is almost dead.
You shoot an arrow.
The arrow hits the worm but does no damage.
The worm is severely wounded.
You shoot an arrow.
The arrow hits the worm but does no damage.
The worm is severely wounded.
Terence the Incautious comes into view.
He is wielding a +1 hand axe of venom.
You shoot an arrow. The arrow hits the worm.
The worm is almost dead.
You shoot an arrow.
The arrow hits the worm but does no damage.
The worm is almost dead.
You shoot an arrow. The arrow hits the worm.
The worm is almost dead.
The worm misses you.
You shoot an arrow. The arrow hits the worm!
You kill the worm!
You shoot an arrow. The arrow closely misses Terence.
You shoot an arrow. The arrow hits Terence.
Terence is lightly wounded.
Terence hits you with a +1 hand axe of venom.
You are poisoned.
You shoot an arrow.
The arrow hits Terence but does no damage.
Terence is lightly wounded.
You feel very sick.
Terence hits you with a +1 hand axe of venom!
You are more poisoned.
You shoot an arrow.
The arrow hits Terence but does no damage.
Terence is lightly wounded.
You die...

#.### #.>.. #.#.#.#
####.######...###.#.....#
#......#....#.....###.###
.###.##.#.#.##..)#######.#
..>.........###.%%?......#
.###.#.##.### ##.#########
#.#.##.# #...# #......#
#...# #####.#### #.@.#
...#.# #.@.# ####.#.####
#...# ..........## #...#
#..........## #...#
#.....##...........
..........>........
....................
....<...#..##..


You could see Terence.

Vanquished Creatures
  A worm (D:2)
  2 dart slugs (D:1)
  A bat (D:1)
  3 endoplasms
  3 giant cockroaches
  2 goblins
  3 hobgoblins (D:1)
  2 quokkas (D:1)
  5 ball pythons
  2 frilled lizards (D:1)
  A rat (D:1)
25 creatures vanquished.

Notes
Turn   | Place    | Note
-------+----------+-------------------------------------------
     0 | D:1      | qw the Deep Elf Hunter began the quest for the Orb.
     0 | D:1      | Reached XP level 1. HP: 12/12 MP: 3/3
     0 | D:1      | 0 ||| qw: Version: 0.3-a-9-g12657ce
     0 | D:1      | 0 ||| qw: Game counter: 2320
     0 | D:1      | 0 ||| qw: Always use a shield: true
     0 | D:1      | 0 ||| qw: God list: Okawaru
     0 | D:1      | 0 ||| qw: Allow faded altars: false
     0 | D:1      | 0 ||| qw: Do Orc after D:15 true
     0 | D:1      | 0 ||| qw: Do second Lair branch before Depths: true
     0 | D:1      | 0 ||| qw: Lair rune preference: random
     0 | D:1      | 0 ||| qw: Plans: Normal
     0 | D:1      | 0 ||| PLANNING D:1-11
    50 | D:1      | 50 ||| FLEEEEING.
    66 | D:1      | 66 ||| FLEEEEING.
   109 | D:1      | Reached XP level 2. HP: 16/16 MP: 4/4
   116 | D:1      | Reached skill level 6 in Ranged Weapons
   570 | D:1      | 570 ||| UPGRADING to +0 ring mail.
   580 | D:1      | 580 ||| DROPPING +0 leather armour.
   581 | D:1      | 581 ||| READING scroll labelled ZYEMAON JODI.
   582 | D:1      | 582 ||| READING scroll labelled GOPNUU UCVU.
   583 | D:1      | 583 ||| DROPPING scroll of butterflies.
   619 | D:2      | 619 ||| STAIRDANCE
   735 | D:2      | Reached XP level 3. HP: 20/20 MP: 5/5
   762 | D:2      | Noticed Terence
   769 | D:2      | HP: 5/20 [Terence/+1 hand axe of venom (7)]
   770 | D:2      | Succumbed to Terence's poison

Levels and vault maps discovered:
D:1:      onia_arrival_mini_spirals, layout_rooms
D:2:      layout_loops_cross, uniq_terence

Skill      XL: |  1  2 |
---------------+-------+-----
Ranged Weapons | 6 |  6.8
Fighting       | |  1.5
Dodging        | |  2.4
Stealth        | |  1.2

Action                     || total
---------------------------++-------
   Fire: Shortbow          ||    80
    Use: Scroll            ||     2
 Armour: Leather armour    ||     1
         Ring mail         ||     1
  Dodge: Dodged            ||    11

Table legend:
 A = Non-vault XP
 B = Vault XP
 C = Vault XP percentage of total XP
 D = Non-vault monster count
 E = Vault monster count
 F = Vault count percentage of total count
                 A         B        C        D         E       F
            +---------+---------+-------+---------+---------+-------
      Total |      52 |       0 |   0.0 |      25 |       0 |   0.0
            +---------+---------+-------+---------+---------+-------
        D:1 |      39 |       0 |   0.0 |      20 |       0 |   0.0
        D:2 |      13 |       0 |   0.0 |       5 |       0 |   0.0
            +---------+---------+-------+---------+---------+-------
